 Dungeon Crawl Stone Soup version 0.30-a0-165-g1891117ce2 (webtiles) character file.

Game seed: 11533990327037693047

72 qw the Chopper (level 4, -6/28 HPs)
             Began as a Gargoyle Fighter on Sept 28, 2022.
             Killed by divine providence
             ... invoked by an orc priest
              (13 damage)
             ... on level 2 of the Dungeon.
             The game lasted 00:00:45 (2072 turns).

qw the Chopper (Gargoyle Fighter)                   Turns: 2072, Time: 00:00:46

Health: -6/28      AC: 12    Str: 22    XL:     4   Next: 25%
Magic:  4/4        EV:  9    Int:  8    God:
Gold:   104        SH:  4    Dex:  9    Spells: 3/3 levels left

rFire   . . .      SeeInvis .    Y - +0 war axe
rCold   . . .      Faith    .    c - +0 buckler
rNeg    + . .      Spirit   .    b - +0 scale mail
rPois   inf        Reflect  .    k - +2 hat
rElec   +          Harm     .    (no cloak)
rCorr   .          Rampage  .    (no gloves)
Will    .....                    (no boots)
Stlth   ..........               (no amulet)
HPRegen 0.09/turn                (no ring)
MPRegen 0.09/turn                (no ring)

@: no status effects
A: sickness immunity, AC +3, negative energy resistance 1, electricity
resistance, torment resistance 1, petrification resistance
a: no special abilities


You were on level 2 of the Dungeon.
You visited 1 branch of the dungeon, and saw 2 of its levels.

You collected 104 gold pieces.


Innate Abilities, Weirdness & Mutations

You are immune to sickness and miasma.
Your stone body is resilient. (AC +3)
You are immune to poison.
You resist negative energy. (rN+)
You are resistant to electric shocks. (rElec)
You are resistant to unholy torment.
You are immune to petrification.


   Skills:
 - Level 3.2 Fighting
 + Level 4.0 Axes
 - Level 3.2 Armour
 - Level 3.2 Shields


You had 3 spell levels left.
You didn't know any spells.
Your spell library was empty.

Inventory:

Hand Weapons
 a - a +0 whip
 Y - a +0 war axe (weapon)
Armour
 b - a +0 scale mail (worn)
 c - a +0 buckler (worn)
 f - a +0 chain mail
 k - a +2 hat (worn)
Scrolls
 e - 2 scrolls of identify
Potions
 d - 2 potions of might
 g - a potion of heal wounds {unknown}
 i - 2 potions of curing

Dungeon Overview and Level Annotations

Branches:
Dungeon (2/15)

Altars:


Message History

You closely miss the jackal.
The jackal is heavily wounded.
You hit the orc. You block the jackal's attack. The jackal closely misses you.
The orc priest hits you but does no damage.
You hit the jackal.
You kill the jackal!
You hit the orc. x2
The orc hits you but does no damage. x2; You block the orc priest's attack.
You completely miss the orc.
The orc is almost dead.
You closely miss the orc. The orc barely misses you.
The orc priest calls upon Beogh to heal the orc.
The orc's wounds heal themselves!
The orc hits you but does no damage. The orc barely misses you.
You block the orc's attack. You block the orc priest's attack.
The orc hits you but does no damage.
You barely miss the orc.
The orc is almost dead.
You slash the orc!
You kill the orc!
You closely miss the orc.
The orc priest miscasts a cantrip.
The orc hits you but does no damage. The orc closely misses you.
Your Axes skill increases to level 4!
You barely miss the orc.
The orc is almost dead.
You barely miss the orc. The orc priest misses you. The orc barely misses you.
The orc hits you with a +0 flail.
You hit the orc.
You kill the orc!
You hit the orc but do no damage.
The orc priest casts a cantrip, but nothing happens.
The orc hits you but does no damage. You block the orc's attack.
The orc priest closely misses you.
You barely miss the orc.
The orc priest calls down the wrath of Beogh upon you.
Beogh smites you!
You die...

#..##.####.#
#.#..#.#######....
#..##.# #.#
#.#.##............
....#.# #.#
#............#.###
..#.#.# #.#
#....#######...#
###...####.# #...## }$
##..### #......#.#
#...# ... #.....
#.#..#.#.# #...#
...#.#### #.#..#.#.#
#...# #.# #.#..#.#.#
#@).# #.# #.#....#.##
#)o.# #.# #.#..#....#
#o..# #.# #.#..#.#..##
#...# . #.
#....#.....###...#...
#.
##.........##..........
#.........##..#####..o
#...###.#.##..#)......
#... #.#.##..%%#


You could see an orc priest and an orc.

Vanquished Creatures
  An adder (D:2)
  A dart slug (D:1)
  3 orcs (D:2)
  4 bats
  9 endoplasms
  2 giant cockroaches (D:1)
  A goblin (D:1)
  6 hobgoblins
  6 jackals
  3 kobolds
  A quokka (D:1)
  5 ball pythons
  5 frilled lizards
  6 rats (D:1)
53 creatures vanquished.

Notes
Turn   | Place    | Note
-------+----------+-------------------------------------------
     0 | D:1      | qw the Gargoyle Fighter began the quest for the Orb.
     0 | D:1      | Reached XP level 1. HP: 14/14 MP: 1/1
     0 | D:1      | 0 ||| qw: Version: 0.2-a-12-gaebbb33
     0 | D:1      | 0 ||| qw: Game counter: 884
     0 | D:1      | 0 ||| qw: Always use a shield: true
     0 | D:1      | 0 ||| qw: God list: Okawaru
     0 | D:1      | 0 ||| qw: Allow faded altars: false
     0 | D:1      | 0 ||| qw: Do Orc after D:15 true
     0 | D:1      | 0 ||| qw: Do second Lair branch before Depths: true
     0 | D:1      | 0 ||| qw: Lair rune preference: random
     0 | D:1      | 0 ||| qw: Plans: Normal, Zot:1-4, God:TSO, Crypt, Tomb,
                  | Pan, Slime:5, Hells, Abyss, Orb
     0 | D:1      | 0 ||| PLANNING D:1-11
    12 | D:1      | 12 ||| Stepping ~*~*~tactically~*~*~ (stealth).
    16 | D:1      | Reached skill level 2 in Axes
    23 | D:1      | 23 ||| Stepping ~*~*~tactically~*~*~ (stealth).
    83 | D:1      | Reached XP level 2. HP: 19/19 MP: 2/2
   163 | D:1      | 163 ||| Stepping ~*~*~tactically~*~*~ (stealth).
   248 | D:1      | 248 ||| Stepping ~*~*~tactically~*~*~ (stealth).
   532 | D:1      | 532 ||| Stepping ~*~*~tactically~*~*~ (stealth).
   533 | D:1      | 533 ||| Stepping ~*~*~tactically~*~*~ (stealth).
   538 | D:1      | Reached skill level 3 in Axes
   651 | D:1      | Reached XP level 3. HP: 11/23 MP: 3/3
  1434 | D:1      | 1434 ||| UPGRADING to +2 hat.
  1439 | D:1      | 1439 ||| DROPPING amulet of faith.
  1440 | D:1      | 1440 ||| READING scroll labelled DOASHR LALUA.
  1441 | D:1      | 1441 ||| READING 3 scrolls labelled XUC DEUGGESY.
  1442 | D:1      | 1442 ||| READING scroll labelled COFOCI LANONG.
  1443 | D:1      | 1443 ||| READING scroll labelled LUSSOCS RAESEM.
  1444 | D:1      | 1444 ||| DROPPING 2 scrolls of poison.
  1553 | D:2      | 1553 ||| DRINKING 3 fuming white potions.
  1554 | D:2      | 1554 ||| Stepping randomly (stuck).
  1630 | D:2      | 1630 ||| Stepping ~*~*~tactically~*~*~ (stealth).
  1662 | D:2      | 1662 ||| Stepping ~*~*~tactically~*~*~ (stealth).
  1663 | D:2      | 1663 ||| Stepping ~*~*~tactically~*~*~ (stealth).
  1664 | D:2      | 1664 ||| Stepping ~*~*~tactically~*~*~ (stealth).
  1680 | D:2      | 1680 ||| Stepping ~*~*~tactically~*~*~ (stealth).
  1925 | D:2      | Reached XP level 4. HP: 28/28 MP: 4/4
  2044 | D:2      | 2044 ||| FLEEEEING.
  2070 | D:2      | Reached skill level 4 in Axes
  2070 | D:2      | HP: 6/28 [orc/+0 flail (3)]
  2072 | D:2      | Killed from afar by an orc priest

Levels and vault maps discovered:
D:1:      dpeg_arrival_ratfight, layout_basic, corexii_corridor_pit
D:2:      cheibrodos_pilgrimage, layout_basic, kennysheep_generic_room_6

Skill      XL: |  1  2  3  4 |
---------------+-------------+-----
Axes           | 2 3 4 |  4.0
Fighting       | |  3.2
Armour         | |  3.2
Shields        | |  3.2

Action                   |  1- 3 |  4- 6 || total
-------------------------+-------+-------++-------
Melee: War axe           |   126 |    23 ||   149
  Use: Scroll            |     4 |       ||     4
       Potion            |     1 |       ||     1
Armor: Scale mail        |    58 |    14 ||    72
Dodge: Dodged            |    51 |    18 ||    69
Block: Buckler           |    18 |    11 ||    29

Table legend:
 A = Non-vault XP
 B = Vault XP
 C = Vault XP percentage of total XP
 D = Non-vault monster count
 E = Vault monster count
 F = Vault count percentage of total count
                 A         B        C        D         E       F
            +---------+---------+-------+---------+---------+-------
      Total |      89 |      14 |  13.6 |      45 |       8 |  15.1
            +---------+---------+-------+---------+---------+-------
        D:1 |      53 |       5 |   8.6 |      31 |       5 |  13.9
        D:2 |      36 |       9 |  20.0 |      14 |       3 |  17.6
            +---------+---------+-------+---------+---------+-------
